 Dungeon Crawl Stone Soup version 0.29.0-15-g675c0067aa (webtiles) character file.

Game seed: 5870190575131804406

1012 sausages the Trooper (level 8, -8/57 (67) HPs)
             Began as a Formicid Fighter on Sept 11, 2022.
             Was a Follower of Cheibriados.
             Mangled by a wight
             ... wielding a +4 trident
              (10 damage)
             ... on level 5 of the Dungeon.
             The game lasted 00:09:30 (4646 turns).

sausages the Trooper (Formicid Fighter)             Turns: 4646, Time: 00:09:31

HP:   -8/57 (67)    AC: 17    Str: 30    XL:     8   Next: 45%
MP:   8/8           EV:  8    Int: 10    God:    Cheibriados [*.....]
Gold: 274           SH:  6    Dex: 16    Spells: 7/7 levels left

rFire   . . .      SeeInvis +   a - +1 war axe
rCold   . . .      Faith    .   c - +0 buckler
rNeg    . . .      Spirit   .   o - +0 chain mail
rPois   .          Reflect  .   (helmet unavailable)
rElec   .          Harm     .   m - +0 cloak
rCorr   +          Rampage  .   e - +1 pair of gloves
Will    .....                   k - +3 pair of boots "Berchegh" {rCorr Str+3}
Stlth   ..........              (no amulet)
HPRegen 0.19/turn               (no ring)
MPRegen 0.11/turn               (no ring)

@: mighty, heavily drained, very slow
A: permanent stasis, dig shafts and tunnels, antennae 3, four strong arms
a: Dig, Shaft Self, Renounce Religion, Bend Time


You were on level 5 of the Dungeon.
You worshipped Cheibriados.
Cheibriados was aware of your devotion.
You visited 2 branches of the dungeon, and saw 6 of its levels.

You collected 274 gold pieces.

Inventory:

Hand Weapons
 a - a +1 war axe (weapon)
Armour
 b - a +0 scale mail
 c - a +0 buckler (worn)
 e - a +1 pair of gloves (worn)
 g - a +0 pair of boots
 k - the +3 pair of boots "Berchegh" (worn) {rCorr Str+3}
   (You acquired it on level 3 of the Dungeon)

   Str:       It affects your strength (+3).
   rCorr:     It protects you from acid and corrosion.
 m - a +0 cloak (worn)
 o - a +0 chain mail (worn)
Jewellery
 n - a ring of ice
Wands
 h - a wand of mindburst (14)
 t - a wand of digging (4)
Scrolls
 f - a scroll of torment
 i - 2 scrolls of poison
 p - 4 scrolls of teleportation
Potions
 d - a potion of might
 q - 2 potions of flight
 r - a potion of attraction
 s - a potion of ambrosia {unknown}


   Skills:
 * Level 7.2 Fighting
 + Level 4.5 Axes
 + Level 5.5 Armour
 + Level 6.7 Shields


You had 7 spell levels left.
You didn't know any spells.
Your spell library was empty.

Dungeon Overview and Level Annotations

Branches:
Dungeon (5/15)             Temple (1/1) D:4

Altars:
Ashenzari
Cheibriados
Elyvilon
Fedhas
Gozag
Hepliaklqana
Kikubaaqudgha
Makhleb
Okawaru
Qazlal
Sif Muna
Trog
Vehumet
Xom
Yredelemnul
Zin
The Shining One

Shops:
D:2 :

Annotations:
D:2 1 runed translucent door, Crazy Yiuf
D:3 2 runed translucent doors, bl3nd3r's ghost, amateur DsAK


Innate Abilities, Weirdness & Mutations

You cannot be hasted, slowed, berserked, paralysed or teleported.
You can dig through walls and to a lower floor.
You have a pair of large antennae on your head. (SInv)
Your four strong arms can wield two-handed weapons with a shield.


Message History

You completely miss the gnoll.
The gnoll hits you with a +0 whip of venom.
You are poisoned.
The gnoll hits you but does no damage.
You are more poisoned.
You closely miss the gnoll.
You feel very sick. The gnoll hits you but does no damage.
You are more poisoned.
You slash the gnoll!
You kill the gnoll!
Cheibriados appreciates the change of pace.
You feel very sick.
You hit the wight but do no damage.
You feel very sick. The wight hits you but does no damage.
The wight hits you with a +2 vorpal mace!
* * * LOW HITPOINT WARNING * * *
You feel drained.
* * * LOW HITPOINT WARNING * * *
x2 You feel better.
You block the wight's attack.
You feel very mighty all of a sudden. The wight barely misses you.
You closely miss the wight.
The wight hits you with a +2 vorpal mace.
* * * LOW HITPOINT WARNING * * *
You feel drained.
* * * LOW HITPOINT WARNING * * *
x2 You slash the wight!
The wight is severely damaged.
You block the wight's attack.
Okay, then.
You slash the wight!
You destroy the wight!
Cheibriados appreciates the change of pace.
The wight hits you but does no damage.
You slash the wight!
The wight is severely damaged.
The wight hits you with a +4 trident!
You die...

######.#####
#..#
########.#######
................
#######.########
#.# #.# #####.#
#@#...# ##z#.##
###.# #.{.#
#..### ...#
.{... z..{ ...


You could see a wight.

Vanquished Creatures
  3 ogres
  A phantom (D:3)
  2 scorpions
  3 wights (D:5)
  2 howler monkeys (D:4)
  A jelly (D:5)
  A gnoll bouda (D:3)
  2 orc priests (D:3)
  An iguana (D:5)
  2 orc wizards (D:2)
  5 gnolls
  3 adders
  A dart slug (D:4)
  11 orcs
  7 endoplasms
  2 giant cockroaches
  9 hobgoblins
  5 kobolds
  A quokka (D:2)
  5 ball pythons
  2 bats (D:2)
  4 frilled lizards
  7 goblins
  7 rats
87 creatures vanquished.

Vanquished Creatures (others)
  2 fungi (D:2)
  2 plants (D:2)
4 creatures vanquished.

Grand Total: 91 creatures vanquished

Notes
Turn   | Place    | Note
-------+----------+-------------------------------------------
     0 | D:1      | sausages the Formicid Fighter began the quest for the Orb.
     0 | D:1      | Reached XP level 1. HP: 18/18 MP: 1/1
   310 | D:1      | Reached XP level 2. HP: 22/24 MP: 2/2
   862 | D:2      | Found a faded altar of an unknown god.
   866 | D:2      | Prayed at the altar of an unknown god.
   866 | D:2      | Became a worshipper of Elyvilon the Healer
   866 | D:2      | Reached * piety under Elyvilon
   884 | D:2      | Found a burning altar of Makhleb.
  1140 | D:2      | Reached ** piety under Elyvilon
  1183 | D:2      | Reached XP level 3. HP: 29/30 MP: 3/3
  1322 | D:2      | Found Ynevoi's Book Boutique.
  1338 | D:2      | Reached skill level 4 in Fighting
  1338 | D:2      | Reached XP level 4. HP: 10/37 MP: 4/4
  1896 | D:2      | Found a runed translucent door.
  1897 | D:2      | Noticed Crazy Yiuf
  2105 | D:3      | Noticed a scorpion
  2111 | D:3      | Killed a scorpion
  2112 | D:3      | Reached skill level 5 in Shields
  2112 | D:3      | Reached XP level 5. HP: 43/43 MP: 5/5
  2157 | D:3      | Identified a scroll of acquirement
  2158 | D:3      | Acquired the +3 pair of boots "Berchegh" {rCorr Str+3}
  2224 | D:3      | Noticed a phantom
  2257 | D:3      | Killed a phantom
  2258 | D:3      | Reached skill level 5 in Fighting
  2258 | D:3      | Reached XP level 6. HP: 37/51 MP: 6/6
  2480 | D:3      | Found a large runed translucent door.
  2480 | D:3      | Found a large runed translucent door.
  2529 | D:3      | Noticed bl3nd3r's ghost (amateur DsAK)
  2835 | D:3      | Reached *** piety under Elyvilon
  3099 | D:4      | Noticed an ogre
  3221 | D:4      | Killed an ogre
  3222 | D:4      | Reached XP level 7. HP: 17/57 MP: 7/7
  3454 | D:4      | Found a staircase to the Ecumenical Temple.
  3470 | Temple   | Entered the Ecumenical Temple
  3632 | Temple   | Fell from the grace of Elyvilon
  3632 | Temple   | Became a worshipper of Cheibriados the Contemplative
  3771 | D:4      | Reached skill level 6 in Fighting
  4034 | D:4      | Reached * piety under Cheibriados
  4035 | D:4      | Reached skill level 5 in Armour
  4278 | D:5      | Entered Level 5 of the Dungeon
  4365 | D:5      | Reached XP level 8. HP: 52/65 MP: 8/8
  4631 | D:5      | Reached skill level 7 in Fighting
  4640 | D:5      | HP: 1/57 [wight/+2 vorpal mace (3)]
  4646 | D:5      | Mangled by a wight

Illustrated notes

Levels and vault maps discovered:
D:1:      roderic_crossed_star, layout_basic, kennysheep_another_room
D:2:      layout_basic, shapermc_ecumenical_altar_acropolis, basic_altar,
          serial_shops, shop, uniq_crazy_yiuf_cottage
D:3:      layout_loops_corners, ebering_ghost_disaster_area
D:4:      cheibrodos_greedy_goblins, layout_cave_pools,
          minmay_temple_entry_junction, minmay_curled_crystal,
          grunt_ministairs_10, kennysheep_nondescript,
          chequers_serial_rivers_room_a
D:5:      layout_basic, nicolae_shop_unique_rings, hangedman_decor_points
Temple:   nicolae_temple_elliptical

Skill      XL: |  1  2  3  4  5  6  7  8 |
---------------+-------------------------+-----
Fighting       | 4 5 6 7 |  7.2
Armour         | 4 5 |  5.5
Shields        | 5 6 |  6.7
Axes           | 3 4 |  4.5

Action                   |  1- 3 |  4- 6 |  7- 9 || total
-------------------------+-------+-------+-------++-------
Melee: War axe           |    82 |    91 |    96 ||   269
 Abil: Dig               |       |       |     1 ||     1
  Use: Scroll            |       |     7 |     5 ||    12
       Potion            |       |       |     3 ||     3
Armor: Scale mail        |    40 |    30 |       ||    70
       Chain mail        |       |    11 |    47 ||    58
Dodge: Dodged            |    50 |    32 |    28 ||   110
Block: Buckler           |    24 |    17 |    21 ||    62
